 Dungeon Crawl Stone Soup version 0.28.0-53-g5a82cb258f (webtiles) character file.

Game seed: 17912479189750660820

113 styxcanada the Sneak (level 4, 0/23 HPs)
             Began as a Spriggan Brigand on Aug 5, 2022.
             Slain by an adder (3 damage)
             ... on level 2 of the Dungeon.
             The game lasted 00:05:42 (1714 turns).

styxcanada the Sneak (Spriggan Brigand)             Turns: 1714, Time: 00:05:42

Health: 0/23       AC:  3    Str:  7    XL:     4   Next: 65%
Magic:  5/5        EV: 17    Int: 12    God:
Gold:   37         SH:  0    Dex: 18    Spells: 3/3 levels left

rFire   . . .      SeeInvis +   a - +2 dagger
rCold   . . .      Faith    .   (no shield)
rNeg    . . .      Spirit   .   b - +0 robe
rPois   .          Reflect  .   (helmet restricted)
rElec   .          Harm     .   c - +0 cloak
rCorr   .          Rampage  .   (gloves unavailable)
Will    .....                   (boots unavailable)
Stlth   ++++......              (no amulet)
HPRegen 0.07/turn               (no ring)
MPRegen 0.09/turn               (no ring)

@: lethally poisoned (0 -> -4), attractive, very quick
A: very small, no large weapons, unfitting armour, see invisible, speed 3
a: no special abilities


You were on level 2 of the Dungeon.
You visited 1 branch of the dungeon, and saw 2 of its levels.

You collected 37 gold pieces.

Inventory:

Hand Weapons
 a - a +2 dagger (weapon)
Missiles
 d - 5 poisoned darts (quivered)
 e - 2 curare-tipped darts
 h - 40 stones
 k - 23 sling bullets
Armour
 b - a +0 robe (worn)
 c - a +0 cloak (worn)
Scrolls
 j - a scroll of enchant armour {unknown}
 l - a scroll of acquirement {unknown}
Potions
 f - a potion of heal wounds {unknown}
 g - a potion of attraction
 i - 2 potions of berserk rage {unknown}


   Skills:
 * Level 2.0 Fighting
 + Level 2.9 Short Blades
 + Level 2.4 Throwing
 * Level 2.5 Dodging
 * Level 7.5 Stealth


You had 3 spell levels left.
You didn't know any spells.
Your spell library was empty.

Dungeon Overview and Level Annotations

Branches:
Dungeon (2/15)

Altars:


Innate Abilities, Weirdness & Mutations

You are very small and have problems with some larger weapons.
You are too small for most types of armour.
You have supernaturally acute eyesight. (SInv)
You cover ground extremely quickly. (Speed+++)


Message History

Press: ? - help, Q - select action, (/) - cycle Shift-Dir - straight line, f/p - quokka
Aim: a quokka (53% to hit)
You throw a poisoned dart.
The poisoned dart barely misses the quokka.
The adder bites you but does no damage. The quokka misses you.
There is a stone staircase leading down here.
The adder completely misses you.
You hit the adder.
The adder is lightly wounded.
The adder bites you.
You are poisoned.
The adder poisons you!
The quokka twitches its whiskers.
You hit the adder.
The adder is moderately wounded.
You feel sick. The adder misses you.
You miss the adder.
The adder is moderately wounded.
You feel sick. The adder completely misses you.
You closely miss the adder.
The adder is moderately wounded.
You feel sick. The adder bites you.
You are lethally poisoned!
The adder poisons you!
You barely miss the adder.
The adder is moderately wounded.
You feel sick. The adder barely misses you.
You closely miss the adder.
The adder is moderately wounded.
* * * LOW HITPOINT WARNING * * *
You feel sick. The adder closely misses you.
You hit the adder but do no damage.
The adder is moderately wounded.
* * * LOW HITPOINT WARNING * * *
You feel sick. The adder misses you.
It was a potion of attraction.
You feel attractive to monsters.
* * * LOW HITPOINT WARNING * * *
You feel sick. The adder misses you. The adder bites you.
You die...

### ## #.. . ..# ..... .#
.# #.# .#.# ..# .# . ..#
... #.. .# .# ..# #.##.#
##.###.# #.#########.#.#
.......# #.#......##..##
##....#
..#.####...##)###Sg..#
..†........###.#@#...#
##)........# ##.##r..#
##..##.#..## ####.g.#
..........## #†.......
.....#.....#######...#....
.....###..................
.........#................
.....###..................
.....# ###.#######...#....


You could see an adder and a hobgoblin.

Vanquished Creatures
  An ogre (D:2)
  5 endoplasms
  A giant cockroach (D:1)
  4 goblins
  3 hobgoblins
  3 jackals (D:1)
  4 quokkas (D:1)
  3 bats
  A frilled lizard (D:1)
  3 kobolds (D:1)
  A rat (D:2)
29 creatures vanquished.

Notes
Turn   | Place    | Note
-------+----------+-------------------------------------------
     0 | D:1      | styxcanada the Spriggan Brigand began the quest for the
                  | Orb.
     0 | D:1      | Reached XP level 1. HP: 10/10 MP: 2/2
    68 | D:1      | Reached skill level 6 in Stealth
   195 | D:1      | Reached XP level 2. HP: 5/15 MP: 3/3
  1478 | D:2      | Reached XP level 3. HP: 18/18 MP: 4/4
  1625 | D:2      | Noticed an ogre
  1629 | D:2      | Killed an ogre
  1630 | D:2      | Reached skill level 7 in Stealth
  1630 | D:2      | Reached XP level 4. HP: 23/23 MP: 5/5
  1714 | D:2      | Slain by an adder

Illustrated notes

Levels and vault maps discovered:
D:1:      dpeg_arrival_castle, layout_rooms
D:2:      layout_loops_cross, minmay_hedge_maze

Skill      XL: |  1  2  3 |
---------------+----------+-----
Stealth        | 6 7 |  7.5
Fighting       | 2 |  2.0
Dodging        | 2 |  2.5
Short Blades   | |  2.9
Throwing       | |  2.4

Action                   |  1- 3 |  4- 6 || total
-------------------------+-------+-------++-------
Melee: Dagger            |    79 |    14 ||    93
Throw: Dart              |    19 |     2 ||    21
  Use: Potion            |       |     1 ||     1
 Stab: Sleeping          |     7 |     2 ||     9
Armor: Robe              |    11 |     2 ||    13
Dodge: Dodged            |    45 |    17 ||    62
